 Dungeon Crawl Stone Soup version 0.29-a0-1019-g84f7d21838 (webtiles) character file.

Game seed: 2196345037258824580

17518 frimble the Slicer (level 12, 0/97 HPs)
             Began as a Demonspawn Earth Elementalist on Aug 11, 2022.
             Was a Priest of Cheibriados.
             Slain by a six-headed hydra (14 damage)
             ... on level 3 of the Lair of Beasts.
             The game lasted 00:25:57 (16230 turns).

frimble the Slicer (Demonspawn Earth Elementalist) Turns: 16230, Time: 00:25:58

Health: 0/97       AC:  9    Str: 15    XL:     12   Next: 19%
Magic:  14/18      EV: 24    Int: 29    God:    Cheibriados [***...]
Gold:   771        SH:  9    Dex: 21    Spells: 18/19 levels left

rFire   . . .      SeeInvis .   i - +2 short sword (vorpal)
rCold   . . .      Faith    .   (no shield)
rNeg    . . .      Spirit   .   a - +1 robe
rPois   .          Reflect  +   I - +2 helmet {Int+3}
rElec   .          Harm     .   (no cloak)
rCorr   .          Rampage  .   q - +2 pair of gloves {hurl}
Will    .....                   (no boots)
Stlth   ++++......              x - amulet of reflection
HPRegen 0.26/turn               f - +4 ring of evasion
MPRegen 0.16/turn               t - +4 ring of evasion

@: studying Staves, very slow
A: large bone plates 1, powered by death 3, demonic magic 3, demonic touch 1
a: Renounce Religion, Bend Time, Temporal Distortion


You were on level 3 of the Lair of Beasts.
You worshipped Cheibriados.
Cheibriados was most pleased with you.
You visited 3 branches of the dungeon, and saw 16 of its levels.
You also visited: Sewer and Bailey.

You collected 907 gold pieces.
You spent 136 gold pieces at shops.

Inventory:

Hand Weapons
 e - the +5 quarterstaff of Oxtal {vorpal, rF++ rCorr Int+2}
   (You found it in a bailey)

   It inflicts extra damage upon your enemies.
   Int:       It affects your intelligence (+2).
   rF:        It greatly protects you from fire.
   rCorr:     It protects you from acid and corrosion.
 i - a +2 vorpal short sword (weapon)
Missiles
 k - 5 javelins
Armour
 a - a +1 robe (worn)
 n - a +1 pair of gloves of infusion
 q - a +2 pair of gloves of hurling (worn)
 I - a +2 helmet of intelligence (worn)
Jewellery
 f - a +4 ring of evasion (left hand)
 h - a ring of wizardry
 p - a ring of protection from cold
 t - a +4 ring of evasion (right hand)
 v - a ring of protection from cold
 x - an amulet of reflection (around neck)
 z - a ring of fire
 E - an amulet of faith
Wands
 A - a wand of flame (21)
 B - a wand of charming (6)
Scrolls
 d - a scroll of poison
 l - 2 scrolls of immolation
 m - 4 scrolls of teleportation
 y - a scroll of amnesia
 D - 5 scrolls of identify
 J - a scroll of magic mapping
Potions
 b - 4 potions of magic
 c - 3 potions of cancellation
 g - a potion of heal wounds {unknown}
 j - 3 potions of brilliance
 o - 2 potions of lignification {unknown}
 r - 4 potions of curing
 s - 3 potions of haste
 u - 3 potions of mutation {unknown}
 w - 3 potions of attraction
 F - a potion of ambrosia {unknown}


   Skills:
 - Level 10.0 Fighting
 + Level 10.2 Short Blades
 - Level 6.3 Dodging
 + Level 6.3 Stealth
 + Level 4.2 Spellcasting
 - Level 2.0 Transmutations
 - Level 7.0 Earth Magic
 - Level 6.0 Evocations


You had 18 spell levels left.
You knew the following spells:

 Your Spells              Type           Power      Damage    Failure   Level
a - Sandblast             Erth           92%        2d19      1%          1

Your spell library contained the following spells:

 Spells                   Type           Power      Damage    Failure   Level
 Passwall                 Tmut/Erth      26%        N/A       1%          2
 Stone Arrow              Conj/Erth      52%        3d10      4%          3
 Petrify                  Tmut/Erth      32%        N/A       11%         4
 Leda's Liquefaction      Hex/Erth       13%        N/A       16%         4
 Dazzling Flash           Conj/Hex       12%        N/A       21%         3
 Portal Projectile        Hex/Tloc       12%        N/A       21%         3
 Teleport Other           Tloc           6%         N/A       21%         3
 Agony                    Necr           6%         N/A       88%         5
 Silence                  Hex/Air        3%         N/A       88%         5
 Disjunction              Tloc           3%         N/A       100%        8


Dungeon Overview and Level Annotations

Branches:
Dungeon (12/15)            Temple (1/1) D:7            Lair (3/5) D:10
  Snake (0/4) Lair:2          Orc (0/2) D:11          Sewer (visited)
 Bailey (visited)
  Swamp: Lair:2-3    Shoals: Lair:2-3

Altars:
Ashenzari
Cheibriados
Dithmenos
Fedhas
Gozag
Hepliaklqana
Kikubaaqudgha
Makhleb
Nemelex Xobeh
Okawaru
Qazlal
Ru
Sif Muna
Trog
Uskayaw
Vehumet
Wu Jian
Xom
Yredelemnul

Shops:
D:3 *

Annotations:
D:4 3 runed translucent doors, jlumianski's ghost, amateur DsGl
D:8 1 transporter, Monkooky's ghost, novice PaTm
D:10 exclusion: gargoyle
Lair:2 exclusion: downstairs
Lair:3 1 runed translucent door


Innate Abilities, Weirdness & Mutations

You are partially covered in large bone plates. (SH +4)
You regenerate a lot of health from kills.
Spells you cast and wands you use may paralyse nearby enemies.
Your touch may inflict minor irresistible damage on your foes.


Message History

Aim: a six-headed hydra (moderately wounded, 95% to hit)
The blast of sand hits the six-headed hydra!
The six-headed hydra is heavily wounded.
Malevolent energies surge around you.
The six-headed hydra bites you. x2; The six-headed hydra bites you!
You block the six-headed hydra's attack.
The six-headed hydra bites you. The six-headed hydra barely misses you.
The six-headed hydra bites you but does no damage.
The six-headed hydra completely misses you.
The six-headed hydra bites you!
The six-headed hydra closely misses you.
You block the six-headed hydra's attack.
The six-headed hydra bites you.
Aiming: Sandblast (safe; 1% risk of failure)
Press: ? - help, Q - select action, (/) - cycle Shift-Dir - straight line, f/p - six-headed hydra
Aim: a six-headed hydra (heavily wounded, 95% to hit)
The blast of sand hits the six-headed hydra.
The six-headed hydra is heavily wounded.
Malevolent energies surge around you. The six-headed hydra bites you!
The six-headed hydra misses you.
The six-headed hydra completely misses you. x2
You block the six-headed hydra's attack.
The six-headed hydra barely misses you. The six-headed hydra bites you.
The six-headed hydra completely misses you.
The six-headed hydra bites you! x2
* * * LOW HITPOINT WARNING * * *
The six-headed hydra closely misses you. x2
Aiming: Sandblast (safe; 1% risk of failure)
Press: ? - help, Q - select action, (/) - cycle Shift-Dir - straight line, f/p - six-headed hydra
Aim: a six-headed hydra (heavily wounded, 95% to hit)
The blast of sand hits the six-headed hydra!
The six-headed hydra is severely wounded.
Malevolent energies surge around you.
The six-headed hydra completely misses you.
You block the six-headed hydra's attack. x2
The six-headed hydra bites you!
* * * LOW HITPOINT WARNING * * *
The six-headed hydra completely misses you. x2
The six-headed hydra bites you!
You die...

....†...†....~♣ #...
.......#..#♣.♣♣ ♣♣♣#...
.........## ♣.##... .......#.#
♣♣♣ ♣..P... .........# #.#♣#
##..... #~#.P....# # ## ##...###
###### ~~~~~...## #.##P##....#.#
# ~PP~...## #...........# #
P~~~...# #...D@......##########
~~~P÷..####..............†..##...
~P~.....................##..##...
~~~...[....#...........####..#...
~~~~.......#............###.##...
~~~~P....................#.......
~~~P~...#.##..........>.####.#...
~~~P~.†.####...........## ####..
P~P~~...P# #.#####.#..#. ##.


You could see a six-headed hydra.

Vanquished Creatures
  Nessos (Lair:3)
  4 hydras
  An ugly thing (D:11)
  A cyclops (D:11)
  2 gargoyles
  3 cane toads
  3 rime drakes
  5 komodo dragons
  3 trolls
  3 blink frogs (Lair:3)
  2 shadows
  A wraith (D:11)
  4 wyverns
  2 vampires
  4 yaks
  A basilisk (Lair:1)
  A steam dragon (D:8)
  2 acid dragons
  2 swamp worms (Lair:3)
  2 water moccasins
  2 ice beasts
  3 orc warriors
  4 black bears
  2 ogres
  2 centaurs (D:8)
  5 phantoms
  A kobold brigand (D:9)
  2 necrophages
  9 bullfrogs
  A gnoll sergeant (D:8)
  7 scorpions
  10 wights (D:9)
  15 killer bees
  8 vampire bats (Bailey)
  2 electric eels (Lair:3)
  8 wolf zombies (Bailey)
  3 howler monkeys
  4 hounds
  3 jellies
  2 gnoll boudas
  13 orc priests
  4 orc wizards
  5 iguanas
  9 adders
  11 gnolls
  A shadow imp (D:6)
  2 white imps (D:7)
  An ufetubus (D:6)
  A worm (D:3)
  5 dart slugs
  39 orcs
  10 bats
  5 endoplasms
  15 giant cockroaches
  8 goblins
  9 hobgoblins
  13 jackals
  11 quokkas
  21 ball pythons
  10 frilled lizards
  10 kobolds
  20 orc zombies (Bailey)
  3 rats
366 creatures vanquished.

Vanquished Creatures (others)
  A gnoll (D:8)
  7 fungi
  13 plants
  3 toadstools (D:1)
24 creatures vanquished.

Grand Total: 390 creatures vanquished

Notes
Turn   | Place    | Note
-------+----------+-------------------------------------------
     0 | D:1      | frimble the Demonspawn Earth Elementalist began the quest
                  | for the Orb.
     0 | D:1      | Reached XP level 1. HP: 13/13 MP: 3/3
   122 | D:1      | Got Qeninief's Grimoire of the Caves and Orientation
   184 | D:1      | Reached skill level 1 in Transmutations
   556 | D:1      | Gained mutation: You regenerate a little health from kills.
                  | [demonic ancestry]
   556 | D:1      | Reached XP level 2. HP: 19/19 MP: 3/5
  1508 | D:1      | Gained mutation: Spells you cast may paralyse adjacent
                  | enemies. [demonic ancestry]
  1508 | D:1      | Reached XP level 3. HP: 24/24 MP: 6/6
  1793 | D:2      | Found a stormy altar of Qazlal.
  1839 | D:2      | Found a faded altar of an unknown god.
  2004 | D:2      | HP: 1/24 [poisoned by a goblin]
  2363 | D:2      | Reached skill level 1 in Short Blades
  2759 | D:2      | Gained mutation: Spells you cast may paralyse nearby
                  | enemies. [demonic ancestry]
  2759 | D:2      | Reached XP level 4. HP: 30/30 MP: 7/7
  3098 | D:3      | Found a glowing drain.
  3112 | Sewer    | Entered a sewer
  3183 | Sewer    | Gained mutation: You regenerate health from kills. [demonic
                  | ancestry]
  3183 | Sewer    | Reached XP level 5. HP: 35/35 MP: 6/8
  3298 | Sewer    | Reached skill level 1 in Fighting
  3424 | Sewer    | Gained mutation: You regenerate a lot of health from kills.
                  | [demonic ancestry]
  3424 | Sewer    | Reached XP level 6. HP: 44/44 MP: 7/9
  3851 | D:3      | Found Boapien's General Store.
  3866 | D:3      | Bought a potion of curing for 39 gold pieces
  3866 | D:3      | Bought a scroll of magic mapping for 97 gold pieces
  4412 | D:4      | Reached XP level 7. HP: 48/51 MP: 7/10
  4464 | D:4      | Found a broken altar of Ashenzari.
  4707 | D:4      | Found a runed translucent gate.
  4707 | D:4      | Found a runed translucent gate.
  4737 | D:4      | Found a runed translucent gate.
  4742 | D:4      | Noticed jlumianski's ghost (amateur DsGl)
  4877 | D:4      | Reached skill level 5 in Earth Magic
  5364 | D:4      | Identified the +0 leather armour of the Decaying God
                  | {Str+4}
  5403 | D:5      | Entered Level 5 of the Dungeon
  5672 | D:5      | Reached XP level 8. HP: 27/61 MP: 5/11
  6099 | D:5      | Reached skill level 5 in Short Blades
  6245 | D:6      | Reached skill level 5 in Fighting
  6477 | D:6      | Found an ornate altar of the Wu Jian Council.
  7360 | D:6      | Gained mutation: You are partially covered in large bone
                  | plates. (SH +4) [demonic ancestry]
  7360 | D:6      | Reached XP level 9. HP: 69/69 MP: 12/12
  7448 | D:7      | Found a staircase to the Ecumenical Temple.
  7453 | Temple   | Entered the Ecumenical Temple
  7568 | D:7      | Found a flagged portal.
  7577 | Bailey   | Entered a bailey
  8060 | Bailey   | Reached skill level 1 in Evocations
  8333 | Bailey   | Noticed a gargoyle
  8353 | Bailey   | Killed a gargoyle
  8354 | Bailey   | Reached skill level 5 in Evocations
  8496 | Bailey   | Identified the +5 quarterstaff of Oxtal {vorpal, rF++ rCorr
                  | Int+2}
  8943 | D:7      | Found a transporter.
  8946 | D:7      | Found a transporter.
  8946 | D:7      | Noticed a troll
  9963 | D:8      | Found a shimmering altar of Xom.
  9968 | D:8      | Found a basalt altar of Yredelemnul.
  9970 | D:8      | Found an ancient bone altar of Kikubaaqudgha.
  9971 | D:8      | Found a snail-covered altar of Cheibriados.
  9973 | D:8      | Found a burning altar of Makhleb.
  9977 | D:8      | Became a worshipper of Cheibriados the Contemplative
  9979 | D:8      | Found a hide-covered altar of Uskayaw.
 10000 | D:8      | Gained mutation: Your touch may inflict minor irresistible
                  | damage on your foes. [demonic ancestry]
 10000 | D:8      | Reached XP level 10. HP: 58/77 MP: 11/13
 10078 | D:8      | Found a transporter.
 10079 | D:8      | Found a transporter.
 10532 | D:8      | Identified the +8 trident "Newtslayer" {vamp, rC+ Will+}
 10647 | D:8      | Reached * piety under Cheibriados
 10832 | D:8      | Identified the amulet "Pirphihoky" {Spirit Str+3}
 11085 | D:9      | Found a sparkling altar of Nemelex Xobeh.
 11252 | D:9      | Reached skill level 5 in Dodging
 11631 | D:10     | Entered Level 10 of the Dungeon
 11726 | D:10     | Found a staircase to the Lair.
 12007 | D:10     | Noticed a gargoyle
 12440 | D:11     | Noticed a red ugly thing
 12446 | D:11     | Killed a red ugly thing
 12765 | D:11     | Gained mutation: Spells you cast and wands you use may
                  | paralyse nearby enemies. [demonic ancestry]
 12765 | D:11     | Reached XP level 11. HP: 87/87 MP: 9/14
 12828 | D:11     | Noticed a seven-headed hydra
 12835 | D:11     | Killed a seven-headed hydra
 13451 | D:11     | Found a staircase to the Orcish Mines.
 13825 | D:8      | Noticed Monkooky's ghost (novice PaTm)
 14191 | D:7      | Reached ** piety under Cheibriados
 14650 | Lair:1   | Entered Level 1 of the Lair of Beasts
 14779 | Lair:1   | Noticed a death yak
 14797 | Lair:2   | Noticed a seven-headed hydra
 14802 | Lair:2   | Killed a seven-headed hydra
 15005 | Lair:2   | Reached skill level 10 in Fighting
 15156 | Lair:2   | Found a staircase to the Snake Pit.
 15239 | Lair:3   | Reached skill level 5 in Stealth
 15316 | Lair:3   | Noticed a four-headed hydra
 15326 | Lair:3   | Killed a four-headed hydra
 15657 | Lair:3   | Noticed Nessos
 15663 | Lair:3   | Killed Nessos
 15664 | Lair:3   | Reached skill level 10 in Short Blades
 15664 | Lair:3   | Reached XP level 12. HP: 48/97 MP: 17/17
 15901 | Lair:3   | Noticed a six-headed hydra
 15908 | Lair:3   | Killed a six-headed hydra
 16169 | Lair:3   | Found a runed translucent door.
 16219 | Lair:3   | Reached *** piety under Cheibriados
 16221 | Lair:3   | Noticed a six-headed hydra
 16230 | Lair:3   | Slain by a six-headed hydra

Illustrated notes

Levels and vault maps discovered:
D:1:      dpeg_arrival_radiant, layout_basic, minmay_gold_behind_fungi
D:2:      layout_basic, hellmonk_ecumenical_altar_crossroads, basic_altar,
          minmay_worlds_worst_comb
D:3:      layout_rooms, portal_sewer_entry_e, serial_shops, nicolae_shop_stone,
          serial_park_tiny_1, grunt_ministairs_11, kennysheep_pointless_box
D:4:      layout_layer_cave, cheibrodos_ashenzari_chains,
          biasface_ghost_orc_armoury, eino_small_chamber_without_monster,
          corexii_hall_statues_deadend, minmay_stone_trees_medium
D:5:      layout_basic, minmay_manual_mess
D:6:      layout_loops_corners, nicolae_wu_jian_wuxing_cycle
D:7:      gammafunk_beogh_shrine, layout_loops_corners,
          minmay_temple_entry_tees, serial_glass, glass_columns_a,
          glass_columns_c, glass_columns_a, glass_columns_a, glass_columns_c,
          glass_columns_c, glass_columns_a, glass_columns_c, feat_on_display,
          item_on_display_b, feat_on_display, enter_bailey_8
D:8:      layout_gridville, nicolae_overflow_hallway_of_the_gods,
          gammafunk_ghost_gnarly_gnolls, corner_web_ring
D:9:      layout_rooms, mainiacjoe_overflow_boulevard, nicolae_eternal_life
D:10:     layout_cross, grunt_lair_entry_orc_guard_hut
D:11:     layout_rooms, orc_0_dummy
D:12:     layout_roguey, hex_intersection, lightli_airlock
Temple:   jpeg_temple_clearing
Lair:1:   hellmonk_ruined_rings, layout_cave_shapes, serial_rivers,
          chequers_serial_rivers_room_b, chequers_serial_rivers_marsh,
          chequers_serial_rivers_small_3, chequers_serial_rivers_marsh,
          infiniplex_staircase_pool_2, uniq_nergalle
Lair:2:   layout_cave_pods, guppyfry_snake_entry_island
Lair:3:   layout_roguey, palyth_hydra_swamp_entry, pf_torpor_hydra,
          serial_bayou_shore_a, uniq_nessos

Skill      XL: |  1  2  3  4  5  6  7  8  9 10 11 12 |
---------------+-------------------------------------+-----
Transmutations | 1 2 |  2.0
Earth Magic    | 3 4 5 6 7 |  7.0
Short Blades   | 1 2 3 4 6 8 10 | 10.2
Stealth        | 2 5 6 |  6.3
Fighting       | 2 4 6 8 10 | 10.0
Dodging        | 3 5 6 |  6.3
Evocations     | 6 |  6.0
Spellcasting   | 3 4 |  4.2

Action                   |  1- 3 |  4- 6 |  7- 9 | 10-12 || total
-------------------------+-------+-------+-------+-------++-------
Melee: Dagger            |    22 |       |       |       ||    22
       Quarterstaff      |    11 |       |       |       ||    11
       Short sword       |    79 |   161 |   366 |   326 ||   932
       Punch             |     2 |       |     7 |     2 ||    11
       Touch             |       |       |       |    69 ||    69
 Cast: Sandblast         |    27 |    39 |   100 |   116 ||   282
Evoke: Wand              |       |       |     7 |     8 ||    15
  Use: Scroll            |       |     7 |     7 |     8 ||    22
       Potion            |       |       |     5 |     2 ||     7
 Stab: Sleeping          |     5 |     8 |    10 |     5 ||    28
       Paralysed         |     2 |    18 |    45 |    44 ||   109
       Distracted        |       |       |     1 |       ||     1
Armor: Robe              |    40 |    27 |    24 |    52 ||   143
Dodge: Dodged            |   109 |   139 |   275 |   351 ||   874
Block: Other             |       |       |    71 |   186 ||   257
       Reflection        |       |       |     1 |    11 ||    12

Table legend: (Time is in decaauts)
 A = Elapsed time spent in this place.
 B = Non-inter-level travel time spent in this place.
 C = Inter-level travel time spent in this place.
 D = Time resting spent in this place.
 E = Time spent auto-exploring this place.
 F = Levels seen in this place.
 G = Mean time per level.
                   A        B        C        D        E       F      G
               +--------+--------+--------+--------+--------+-----+--------+
         Total |  17795 |  16575 |   1220 |     23 |  13485 |  18 |  988.6 |
       Dungeon |  14025 |  12871 |   1154 |      0 |  10800 |  12 | 1168.8 |
        Temple |     89 |     76 |     13 |      0 |     65 |   1 |   89.0 |
          Lair |   1842 |   1790 |     52 |     21 |   1372 |   3 |  614.0 |
         Sewer |    454 |    454 |      0 |      2 |    184 |   1 |  454.0 |
        Bailey |   1383 |   1383 |      0 |      0 |   1063 |   1 | 1383.0 |
               +--------+--------+--------+--------+--------+-----+--------+

Top non-repeatable levels by time:
     D:1: 1765 daAuts
    D:11: 1664 daAuts
     D:8: 1618 daAuts
  Bailey: 1383 daAuts
     D:4: 1379 daAuts
     D:6: 1349 daAuts
     D:2: 1313 daAuts
     D:7: 1313 daAuts
  Lair:3: 1243 daAuts
    D:10: 1069 daAuts
     D:5: 917 daAuts
     D:9: 853 daAuts
     D:3: 776 daAuts
   Sewer: 454 daAuts
  Lair:2: 437 daAuts
